 Dungeon Crawl Stone Soup version 0.26.0-9-gab577f9fc5 (webtiles) character file.

Game seed: 2987538230023272481

53123 Gauvater the Cleaver (level 15, -7/119 HPs)
             Began as a Formicid Fighter on Jan 14, 2021.
             Was the Champion of Zin.
             Mangled by a catoblepas (25 damage)
             ... on level 6 of the Lair of Beasts.
             The game lasted 01:56:34 (21306 turns).

Gauvater the Cleaver (Formicid Fighter)            Turns: 21306, Time: 01:56:34

Health: -7/119     AC: 18    Str: 30    XL:     15   Next: 8%
Magic:  22/22      EV: 17    Int: 11    God:    Zin [******]
Gold:   2024       SH:  0    Dex: 13    Spells: 14/14 levels left

rFire    + . .     SeeInvis +   a - +10 executioner's axe "Nor Kaj" {vorpal, rC+}
rCold    + . .     Faith    .   c - +5 kite shield
rNeg     + . .     Spirit   .   r - +4 scale mail {rN+}
rPois    ∞         Reflect  .   (helmet unavailable)
rElec    .         Harm     .   N - +0 cloak {rF+}
rCorr    .         Rampage  .   h - +0 pair of gloves
Will     +....                  W - +2 pair of boots
Stlth    ..........             v - amulet of regeneration
HPRegen  0.69/turn              G - +4 ring of evasion
MPRegen  0.18/turn              m - ring of poison resistance

@: confused, vitalised
A: permanent stasis, dig shafts and tunnels, four strong arms, antennae 3
a: Dig, Shaft Self, Renounce Religion, Recite, Vitalisation, Imprison,
Sanctuary, Donate Gold


You were on level 6 of the Lair of Beasts.
You worshipped Zin.
Zin was exalted by your worship.
You visited 3 branches of the dungeon, and saw 20 of its levels.
You also visited: Volcano.

You collected 2287 gold pieces.
You spent 48 gold pieces at shops.
You donated 215 gold pieces to Zin.

Inventory:

Hand Weapons
 a - the +10 executioner's axe "Nor Kaj" (weapon) {vorpal, rC+}
   (You acquired it on level 11 of the Dungeon)

   It inflicts extra damage upon your enemies.
   It protects you from cold.
 d - a +2 scimitar of flaming
 l - a +6 arbalest of flaming
 q - a +0 flail of holy wrath
 u - the +7 hunting sling of Sloth {vorpal, rPois rN++ Will+ Dex-5}
   (You found it on level 6 of the Lair of Beasts)

   Any stone fired from it inflicts extra damage.
   It affects your dexterity (-5).
   It protects you from poison.
   It greatly protects you from negative energy.
   It affects your willpower, your defense against some magical effects.
Missiles
 f - 479 arrows
 g - 181 bolts
 p - 8 atropa-tipped darts
 t - 3 datura-tipped darts
 H - 9 javelins (quivered)
 I - 37 poisoned darts
Armour
 c - a +5 kite shield (worn)
 h - a +0 pair of gloves (worn)
 r - a +4 scale mail of positive energy (worn)
 N - a +0 cloak of fire resistance (worn)
 W - a +2 pair of boots (worn)
Jewellery
 m - a ring of poison resistance (right hand)
 n - an uncursed ring of willpower
 v - an amulet of regeneration (around neck)
 E - a +4 ring of evasion
 G - a +4 ring of evasion (left hand)
Wands
 s - a wand of disintegration (5)
 y - a wand of flame (51)
 D - a wand of enslavement (5)
 J - a wand of acid (5)
 O - a wand of iceblast (19)
 U - a wand of paralysis (12)
Scrolls
 e - 9 scrolls of remove curse
 i - 3 scrolls of fear
 j - 6 scrolls of amnesia
 k - 2 scrolls of immolation
 C - 3 scrolls of magic mapping
 F - 2 scrolls of fog
 X - 2 scrolls of summoning
Potions
 b - 5 potions of curing
 o - a potion of ambrosia
 w - a potion of berserk rage {unknown}
 x - 2 potions of might
 z - 3 potions of flight
 A - a potion of invisibility {unknown}
 B - 3 potions of cancellation
 K - a potion of experience {unknown}
 L - 2 potions of attraction {unknown}
 M - 4 potions of haste {unknown}
 R - 2 potions of mutation {unknown}
 Y - 3 potions of magic


   Skills:
 * Level 11.4 Fighting
 + Level 1.4 Long Blades
 + Level 13.3(13.9) Axes
 + Level 6.5(10.9) Maces & Flails
 * Level 7.5 Crossbows
 + Level 1.1 Throwing
 + Level 8.1 Armour
 * Level 5.1 Dodging
 - Level 0.1 Stealth
 * Level 13.0 Shields
 * Level 10.0 Invocations


You had 14 spell levels left.
You didn't know any spells.
Your spell library contained the following spells:

 Spells                   Type           Power        Failure   Level
 Beastly Appendage        Tmut           0%           54%         1
 Magic Dart               Conj           0%           54%         1
 Shock                    Conj/Air       0%           54%         1
 Searing Ray              Conj           0%           69%         2
 Wereblood                Tmut           0%           69%         2
 Dazzling Flash           Conj/Hex       0%           89%         3
 Spider Form              Tmut/Pois      0%           89%         3
 Static Discharge         Conj/Air       0%           89%         3
 Airstrike                Air            0%           100%        4
 Fulminant Prism          Conj/Hex       0%           100%        4
 Ice Form                 Ice/Tmut       0%           100%        4
 Iskenderun's Mystic Bla  Conj/Tloc      0%           100%        4
 Blade Hands              Tmut           0%           100%        5
 Lightning Bolt           Conj/Air       0%           100%        5
 Swiftness                Air            Unusable     N/A         2

Dungeon Overview and Level Annotations

Branches:
Dungeon (13/15)            Temple (1/1) D:7            Lair (6/6) D:11
  Swamp (0/4) Lair:2       Spider (0/4) Lair:2        Slime (0/5) Lair:5
    Orc (0/2) D:12        Volcano (visited)
 Vaults: D:13-14

Altars:
Ashenzari
Cheibriados
Dithmenos
Elyvilon
Gozag
Hepliaklqana
Kikubaaqudgha
Makhleb
Nemelex Xobeh
Okawaru
Qazlal
Ru
Sif Muna
Trog
Uskayaw
Vehumet
Wu Jian
Xom
Yredelemnul
Zin
The Shining One
Beogh
Jiyva

Shops:
D:4 [   D:6 }   D:8 =   D:9 (

Annotations:
D:10 Snorg
Lair:5 2 transporters


Innate Abilities, Weirdness & Mutations

You cannot be hasted, slowed, berserked, paralysed or teleported.
You can dig through walls and to a lower floor.
Your four strong arms can wield two-handed weapons with a shield.
You have a pair of large antennae on your head. (SInv)


Message History

Ouch! That really hurt!
* * * LOW HITPOINT WARNING * * *
You are confused.
You feel invigorated.
You are engulfed in calcifying dust.
Your divine stamina protects you from petrification!
The catoblepas gores you!!
* * * LOW HITPOINT WARNING * * *
You hit the catoblepas.
The catoblepas is heavily wounded.
You are engulfed in calcifying dust.
The catoblepas gores you!
* * * LOW HITPOINT WARNING * * *
Okay, then.
You bump into the rock wall.
You are engulfed in calcifying dust.
The catoblepas gores you but does no damage.
You hit the catoblepas.
The catoblepas is severely wounded.
You are engulfed in calcifying dust.
The catoblepas gores you but does no damage.
The catoblepas gores you!!
You die...

#..........[......
#P................
#.................
#Y................
#YYY..............
#YYY{.............
#YY{{.............
#Y#Y{.............
#@#{......... ....
#.###.Y..... ...
### #..... #.. ..


You could see a catoblepas, 5 yaks and 4 dream sheep.

Vanquished Creatures
  Nessos (Lair:4)
  A red draconian (Volcano)
  An ettin (D:13)
  Josephine (D:10)
  Harold (D:8)
  Erolcha (D:10)
  6 hydras
  2 boulder beetles
  2 centaur warriors
  Erica (D:8)
  2 two-headed ogres
  6 death yaks (Lair:5)
  Urug (Lair:5)
  3 slime creatures
  A fire crab (Lair:6)
  2 unseen horrors
  3 ugly things
  A manticore (D:11)
  A cyclops (D:13)
  7 elephants
  Maurice (D:8)
  3 black mambas
  2 centaur zombies
  A molten gargoyle (Lair:6)
  15 cane toads
  2 gargoyles
  Psyche (D:10)
  2 rime drakes
  8 komodo dragons
  A yaktaur (Volcano)
  A troll (D:12)
  Grinder (D:3)
  9 blink frogs (Lair:4)
  A hornet (D:13)
  5 wraiths
  2 wyverns
  22 yaks
  5 fire bats
  4 basilisks
  A steam dragon (Lair:6)
  Grum (Lair:1)
  15 water moccasins
  4 hell hounds (Lair:6)
  2 orc warriors (D:12)
  An eye of draining (D:12)
  4 sky beasts
  An ice beast (D:11)
  4 black bears
  6 necrophages
  2 phantoms
  8 wolves
  4 ogres
  16 centaurs
  A big kobold (D:11)
  15 bullfrogs
  3 gnoll sergeants (D:5)
  A wyvern skeleton (D:9)
  6 scorpions
  A water moccasin skeleton (D:7)
  10 killer bees
  10 wights
  An electric eel (Lair:4)
  3 howler monkeys (D:8)
  2 quasits (D:11)
  2 jellies
  3 lava snakes
  3 centaur skeletons
  4 orc priests
  5 hounds
  3 gnoll shamans (D:5)
  A bullfrog skeleton (D:5)
  Terence (D:2)
  Ijyb (D:3)
  5 iguanas
  2 orc wizards
  7 hell rats (Lair:3)
  9 worker ants
  A worker ant zombie (D:6)
  Robin (D:4)
  13 adders
  15 gnolls
  4 howler monkey skeletons
  3 shadow imps
  A white imp (D:6)
  An ufetubus (D:9)
  2 adder skeletons (D:8)
  3 dart slugs (D:2)
  3 worms
  4 leopard geckos
  20 orcs
  4 bats
  4 giant cockroaches
  9 hobgoblins
  13 jackals
  12 kobolds
  4 quokkas
  A ball python (D:3)
  3 frilled lizards
  17 goblins
  A jackal skeleton (D:5)
  2 quokka skeletons
  8 rats
  A butterfly (D:7)
448 creatures vanquished.

Vanquished Creatures (others)
  A hell hound (Lair:6)
  76 fungi
  144 plants
221 creatures vanquished.

Grand Total: 669 creatures vanquished

Notes
Turn   | Place    | Note
-------+----------+-------------------------------------------
     0 | D:1      | Gauvater the Formicid Fighter began the quest for the Orb.
     0 | D:1      | Reached XP level 1. HP: 18/18 MP: 1/1
    77 | D:1      | Reached XP level 2. HP: 12/24 MP: 2/2
   578 | D:1      | Reached XP level 3. HP: 29/29 MP: 3/3
   925 | D:2      | Reached XP level 4. HP: 26/37 MP: 4/4
  1171 | D:2      | You fall into a shaft and drop 1 floor!
  1562 | D:2      | Noticed Terence
  1577 | D:2      | Killed Terence
  1578 | D:2      | Reached XP level 5. HP: 37/42 MP: 5/5
  1654 | D:2      | Found a white marble altar of Elyvilon.
  2015 | D:3      | Noticed Grinder
  2033 | D:3      | Killed Grinder
  2034 | D:3      | Reached skill level 1 in Dodging
  2034 | D:3      | Reached skill level 5 in Shields
  2034 | D:3      | Reached XP level 6. HP: 30/48 MP: 6/6
  2178 | D:3      | Noticed Ijyb
  2188 | D:3      | Killed Ijyb
  2189 | D:3      | Reached XP level 7. HP: 36/54 MP: 7/7
  2304 | D:3      | Found a stormy altar of Qazlal.
  2304 | D:3      | Found a basalt altar of Yredelemnul.
  2899 | D:4      | Found Huddearu's Armour Shoppe.
  3572 | D:4      | Reached skill level 5 in Axes
  3578 | D:4      | Noticed Robin
  3619 | D:4      | Killed Robin
  3764 | D:5      | Entered Level 5 of the Dungeon
  4027 | D:5      | Reached XP level 8. HP: 56/61 MP: 8/8
  4344 | D:5      | Found an ancient bone altar of Kikubaaqudgha.
  4408 | D:5      | Reached skill level 5 in Armour
  4832 | D:6      | Reached skill level 5 in Fighting
  4898 | D:6      | Found Veuroraf's Gadget Boutique.
  5117 | D:6      | Found a hide-covered altar of Uskayaw.
  5357 | D:7      | Reached XP level 9. HP: 68/68 MP: 9/9
  5540 | D:7      | Found a staircase to the Ecumenical Temple.
  6272 | D:8      | Reached skill level 1 in Maces & Flails
  6292 | D:8      | Noticed Erica
  6312 | D:8      | Killed Erica
  6313 | D:8      | Reached XP level 10. HP: 34/76 MP: 10/10
  6403 | D:8      | Noticed Maurice
  6413 | D:8      | Killed Maurice
  6510 | D:8      | Noticed Harold
  6539 | D:8      | Killed Harold
  6540 | D:8      | Reached skill level 5 in Maces & Flails
  6594 | D:8      | Found an iron altar of Okawaru.
  6711 | D:8      | Found Soozimof's Jewellery Emporium.
  7259 | Temple   | Entered the Ecumenical Temple
  7310 | Temple   | Became a worshipper of Zin the Law-Giver
  7310 | Temple   | Reached * piety under Zin
  7310 | Temple   | Reached ** piety under Zin
  7723 | D:9      | Found a shadowy altar of Dithmenos.
  7825 | D:9      | Reached skill level 1 in Invocations
  8009 | D:9      | Noticed a two-headed ogre
  8034 | D:9      | Killed a two-headed ogre
  8035 | D:9      | Reached skill level 10 in Shields
  8035 | D:9      | Reached XP level 11. HP: 50/83 MP: 10/12
  8048 | D:9      | Found Azaosh's Weapon Emporium.
  8165 | D:9      | Bought 10 poisoned darts for 48 gold pieces
  8342 | D:9      | Found a hazy altar of Hepliaklqana.
  8413 | D:10     | Entered Level 10 of the Dungeon
  8481 | D:10     | Noticed Psyche
  8488 | D:10     | Killed Psyche
  9017 | D:10     | Reached *** piety under Zin
  9059 | D:10     | Noticed Erolcha
  9322 | D:10     | Reached skill level 1 in Crossbows
  9462 | D:10     | Noticed Josephine
  9480 | D:10     | Killed Josephine
  9766 | D:10     | Killed Erolcha
  9804 | D:10     | Noticed Snorg
  9841 | D:11     | Identified 2 scrolls of acquirement
  9842 | D:11     | Acquired the +10 executioner's axe "Nor Kaj" {vorpal, rC+}
  9845 | D:11     | Acquired 895 gold pieces
  9859 | D:11     | Reached **** piety under Zin
  9859 | D:11     | Reached ***** piety under Zin
  9951 | D:11     | Noticed a manticore
  9955 | D:11     | Killed a manticore
 10068 | D:11     | Noticed an unseen horror
 10080 | D:11     | Killed an unseen horror
 10222 | D:11     | Reached XP level 12. HP: 76/92 MP: 15/15
 10429 | D:11     | Found a staircase to the Lair.
 10465 | D:11     | Reached skill level 5 in Invocations
 10519 | D:11     | Reached skill level 10 in Axes
 11576 | D:12     | Found a staircase to the Orcish Mines.
 11580 | D:12     | Found a roughly hewn altar of Beogh.
 11662 | D:12     | Noticed an unseen horror
 11688 | D:12     | Killed an unseen horror
 12046 | D:13     | Noticed a two-headed ogre
 12055 | D:13     | Killed a two-headed ogre
 12056 | D:13     | Reached skill level 1 in Throwing
 12858 | D:13     | Found a sacrificial altar of Ru.
 12858 | D:13     | Found a white marble altar of Elyvilon.
 12862 | D:13     | Noticed a deep troll earth mage
 12862 | D:13     | Noticed a centaur warrior
 12865 | D:13     | Noticed an ettin
 12870 | D:13     | Killed a centaur warrior
 12871 | D:13     | Reached XP level 13. HP: 54/101 MP: 18/18
 12889 | D:13     | Killed an ettin
 12890 | D:13     | Reached skill level 5 in Crossbows
 13937 | Lair:1   | Entered Level 1 of the Lair of Beasts
 14555 | Lair:1   | Found a dark tunnel.
 14555 | Lair:1   | Noticed Grum
 14571 | Lair:1   | Killed Grum
 14591 | Volcano  | Entered a volcano
 14870 | Volcano  | Found a radiant altar of Vehumet.
 14873 | Volcano  | Noticed a red draconian
 14939 | Volcano  | Killed a red draconian
 15292 | Volcano  | Noticed a centaur warrior
 15330 | Volcano  | Killed a centaur warrior
 15457 | Volcano  | Found a radiant altar of Vehumet.
 16019 | Lair:2   | Reached skill level 10 in Fighting
 16068 | Lair:2   | Noticed a four-headed hydra
 16075 | Lair:2   | Killed a two-headed hydra
 16154 | Lair:2   | Noticed a boulder beetle
 16156 | Lair:2   | Found a hole to the Spider Nest.
 16224 | Lair:2   | Killed a boulder beetle
 16478 | Lair:2   | Found a staircase to the Swamp.
 16680 | Lair:2   | Noticed a four-headed hydra
 16687 | Lair:2   | Killed a three-headed hydra
 17507 | Lair:3   | Noticed a four-headed hydra
 17518 | Lair:3   | Killed a one-headed hydra
 17544 | Lair:3   | Reached ****** piety under Zin
 17601 | Lair:3   | Reached XP level 14. HP: 111/111 MP: 20/20
 19451 | Lair:4   | Noticed Nessos
 19461 | Lair:4   | Killed Nessos
 19908 | Lair:5   | Reached skill level 5 in Dodging
 19914 | Lair:5   | Noticed Urug
 19970 | Lair:5   | Killed Urug
 20096 | Lair:5   | Reached skill level 1 in Long Blades
 20448 | Lair:5   | Found a transporter.
 20452 | Lair:5   | Found a transporter.
 20622 | Lair:5   | Found a viscous altar of Jiyva.
 20622 | Lair:5   | Found a staircase to the Slime Pits.
 20741 | Lair:6   | Entered Level 6 of the Lair of Beasts
 20788 | Lair:6   | Got a jewelled hunting sling
 20789 | Lair:6   | Identified the +7 hunting sling of Sloth {vorpal, rPois
                  | rN++ Will+ Dex-5} (You found it on level 6 of the Lair of
                  | Beasts)
 20964 | Lair:6   | Reached skill level 10 in Invocations
 21091 | Lair:6   | Reached XP level 15. HP: 110/119 MP: 22/22
 21306 | Lair:6   | Mangled by a catoblepas

Illustrated notes

Levels and vault maps discovered:
D:1:      dpeg_arrival_oval, layout_basic
D:2:      layout_loops_ring, overflow_temple_1_default, uniq_terence
D:3:      layout_rooms, grunt_temple_overflow_open, uniq_grinder, uniq_ijyb
D:4:      layout_layer_cave, serial_shops, nicolae_shop_crystal,
          minmay_small_thing, uniq_robin
D:5:      layout_cave_pools, overflow_temple_1_default, serial_gnoll_camp,
          gnoll_camp_mini_hut, gnoll_camp_mini_hut, gnoll_camp_huts_basic,
          gnoll_camp_mini_basic, gnoll_camp_mini_hut, nicolae_sextant
D:6:      layout_basic, overflow_temple_1_default, basic_altar, serial_shops,
          kennysheep_mini_moat
D:7:      layout_loops_cross, minmay_temple_entry_butterflies
D:8:      layout_basic, lemuel_round_altar, serial_shops,
          nicolae_shop_temple_entry_statues_fountains, uniq_erica, uniq_maurice,
          uniq_harold
D:9:      layout_irregular_city, riverfiend_overflow_shadow_ancestor,
          serial_shops, nicolae_shop_trees
D:10:     layout_small_grid, uniq_snorg, uniq_psyche, uniq_josephine,
          uniq_erolcha
D:11:     layout_long_grid, due_lair_maze_entry_diamond
D:12:     layout_cave_pods, minmay_orc_entry_temple_small,
          kennysheep_generic_room_12
D:13:     layout_basic, jmf_multi_god_temple
Temple:   zaba_magenta_temple
Lair:1:   layout_misc_corridors, nicolae_volcano_entry_batcave,
          grunt_megastairs_5, uniq_grum
Lair:2:   minmay_lair_venomous_thicket, layout_small_grid, swamp_mist,
          nicolae_spider_entry_non_spiders, beast_lair_carwin_6
Lair:3:   layout_loops_ring, grunt_megastairs_2, lemuel_fruit_fields
Lair:4:   layout_hall_layers, roderic_carrion_pond, serial_bayou_shore_a,
          serial_bayou_shore_b, infiniplex_staircase_pool_2, uniq_nessos
Lair:5:   gammafunk_boulding_lane, layout_long_grid,
          dpeg_slime_entry_enclosed_altar, uniq_urug
Lair:6:   cheibrodos_lair_end_hotspot, layout_cave_shapes

Skill      XL: |  1  2  3  4  5  6  7  8  9 10 11 12 13 14 15 |
---------------+----------------------------------------------+-----
Shields        | 4 5 6 7 9 10 11 12 13 | 13.0
Axes           | 3 4 5 7 8 9 11 12 13 | 13.3
Fighting       | 4 5 6 8 9 10 11 | 11.4
Armour         | 4 5 6 7 8 |  8.1
Dodging        | 1 2 3 4 5 |  5.1
Maces & Flails | 3 6 |  6.5
Invocations    | 2 4 7 8 10 | 10.0
Crossbows      | 2 4 6 7 |  7.5
Throwing       | 1 |  1.1
Long Blades    | 1 |  1.4
Stealth        | |  0.1

Action                   |  1- 3 |  4- 6 |  7- 9 | 10-12 | 13-15 || total
-------------------------+-------+-------+-------+-------+-------++-------
Melee: War axe           |    72 |   102 |   280 |    50 |       ||   504
       Dagger            |     3 |       |       |       |       ||     3
       Battleaxe         |       |       |    73 |    68 |       ||   141
       Morningstar       |       |       |    69 |    84 |       ||   153
       Mace              |       |       |       |    86 |       ||    86
       Executioner's axe |       |       |       |   235 |   426 ||   661
       Scimitar          |       |       |       |       |    27 ||    27
 Fire: Hand crossbow     |       |       |     3 |     5 |       ||     8
       Arbalest          |       |       |       |       |    31 ||    31
Throw: Throwing net      |       |       |     4 |     4 |       ||     8
       Dart              |       |       |       |     6 |       ||     6
       Javelin           |       |       |       |     3 |       ||     3
Invok: Recite            |       |       |       |     4 |     6 ||    10
       Vitalisation      |       |       |       |     2 |     4 ||     6
       Imprison          |       |       |       |     1 |     2 ||     3
 Abil: Dig               |     1 |       |     5 |    15 |    93 ||   114
  Use: Potion            |       |     1 |     1 |     3 |     8 ||    13
       Scroll            |       |       |    10 |     5 |    19 ||    34
 Stab: Held in net/web   |       |       |       |     2 |       ||     2
       Confused          |       |       |       |     1 |       ||     1
       Petrified         |       |       |       |       |     1 ||     1
Armor: Scale mail        |    60 |    42 |   134 |   126 |   140 ||   502
Dodge: Dodged            |    53 |    32 |   226 |   355 |   272 ||   938
Block: Kite shield       |    62 |    49 |   282 |   355 |   417 ||  1165
       Rpst.: Scimitar   |       |       |       |       |     2 ||     2
